 Dungeon Sprint DCSS version 0.28-a0-533-g9f97627e2a (webtiles) character file.

Game seed: 17515464626479299458

2198 Conn the Arsonist (level 9, -11/55 HPs)
             Began as an Octopode Fire Elementalist on Sept 26, 2021.
             Was an Elder of Sif Muna.
             Killed from afar by Erolcha (32 damage)
             ... with a fireball
             ... in the Dungeon (Sprint III: "The Ten Rune Challenge").
             The game lasted 00:11:18 (1468 turns).

Conn the Arsonist (Octopode Fire Elementalist)      Turns: 1468, Time: 00:11:19

Health: -11/55     AC:  1    Str:  8    XL:     9   Next: 34%
Magic:  14/23      EV:  8    Int: 20    God:    Sif Muna [****..]
Gold:   37         SH:  0    Dex: 12    Spells: 15/28 levels left

rFire   . . .      SeeInvis .   l - +1 long sword (holy)
rCold   . . .      Faith    .   (no shield)
rNeg    . . .      Spirit   .   (helmet restricted)
rPois   .          Reflect  .   (no amulet)
rElec   .          Harm     .   (no ring)
rCorr   .          Rampage  .   (no ring)
Will    .....      NoTele   +   (no ring)
Stlth   +++++.....              (no ring)
HPRegen 0.18/turn               (no ring)
MPRegen 0.18/turn               (no ring)
                                (no ring)
                                (no ring)

@: held
A: almost no armour, amphibious, 8 rings, camouflage 1, gelatinous body 1,
(nimble swimmer 1), tentacles
a: Renounce Religion, Channel Magic, Forget Spell, Divine Exegesis


You were in the Dungeon.
You worshipped Sif Muna.
Sif Muna was greatly pleased with you.
You visited 1 branch You collected 37 gold pieces.

Inventory:

Hand Weapons
 g - a +0 short sword
 l - a +1 long sword of holy wrath (weapon)
Scrolls
 e - a scroll of holy word {unknown}
 f - a scroll of blinking
 i - 2 scrolls of identify {unknown}
 k - a scroll of torment {unknown}
Potions
 a - a potion of curing
 b - 4 potions of heal wounds
 c - 2 potions of mutation {unknown}
 d - 2 potions of magic
 h - a potion of resistance {unknown}
 j - 2 potions of flight
 m - a potion of might
 n - a potion of berserk rage


   Skills:
 + Level 2.4 Fighting
 + Level 5.9 Short Blades
 + Level 5.4 Dodging
 + Level 8.0 Stealth
 + Level 10.0 Spellcasting
 + Level 6.9 Conjurations
 + Level 4.3 Hexes
 + Level 12.8 Fire Magic


You had 15 spell levels left.
You knew the following spells:

 Your Spells              Type           Power      Damage    Failure   Level
a - Foxfire               Conj/Fire      100%       2x1d9     1%          1
b - Conjure Flame         Conj/Fire      49%        6-21      1%          3
c - Inner Flame           Hex/Fire       44%        N/A       1%          3
d - Flame Wave            Conj/Fire      49%        3d9       1%          4
e - Scorch                Fire           100%       2d10      1%          2

Your spell library contained the following spells:

 Spells                   Type           Power      Damage    Failure   Level
 Magic Dart               Conj           100%       1d8       1%          1
 Searing Ray              Conj           74%        2d7       1%          2
 Slow                     Hex            27%        N/A       1%          2
 Confusing Touch          Hex            27%        N/A       3%          3
 Fulminant Prism          Conj/Hex       16%        3d11      7%          4
 Vampiric Draining        Necr           5%         2d6       21%         3


Dungeon Overview and Level Annotations

Branches:
Dungeon (1/1)

Altars:
Cheibriados
Dithmenos
Elyvilon
Fedhas
Gozag
Hepliaklqana
Kikubaaqudgha
Makhleb
Nemelex Xobeh
Okawaru
Qazlal
Ru
Sif Muna
Trog
Uskayaw
Vehumet
Wu Jian
Xom
Yredelemnul
Zin
The Shining One
Beogh
Jiyva
Lugonu

Annotations:
D Erolcha


Innate Abilities, Weirdness & Mutations

You cannot wear most types of armour.
You are amphibious.
You can wear up to eight rings at the same time.
Your skin changes colour to match your surroundings (Stealth+).
Your rubbery body absorbs attacks. (AC +1, EV +1)
((You are camouflaged near water. (Stealth+)))
You have tentacles for arms and can constrict up to eight enemies at once.


Message History

Casting: Foxfire (safe; 1% risk of failure)
Confirm with . or Enter, or press ? or * to list all spells.
You conjure some foxfire!
You feel extremely sick. The redback bites you! The redback bites you.
Unknown command.
You feel very sick.
The foxfire hits the redback.
Flame seeps out of the redback.
The redback is severely wounded.
The foxfire hits the redback.
Flame seeps out of the redback.
The redback is almost dead.
The redback is engulfed in blazing flames.
Sif Muna accepts your kill.
The redback explodes!
The fiery explosion engulfs the redback!
The redback is heavily wounded.
Something launches a net on you.
You become entangled in the net!
Your Hexes skill increases to level 4!
You see here a throwing net.
Casting: Foxfire (safe; 1% risk of failure)
Confirm with . or Enter, or press ? or * to list all spells.
You conjure some foxfire!
* * * LOW HITPOINT WARNING * * *
You feel very sick.
The redback is engulfed in blazing flames. x2
The foxfire hits the redback!
You kill the redback!
Sif Muna accepts your kill.
You can now call upon Sif Muna to cast any spell from your library.
Your Spellcasting skill increases to level 10!
You feel better.
The foxfire hits something but does no damage.
You tear a large gash into the net.
You hear some strange, mumbled words.
You struggle against the net.
You hear some strange, mumbled words.
A fireball appears from out of thin air!
The fireball explodes!
The fireball engulfs you!!
Ouch! That really hurt!
You die...

##'## ....# ....# ###'#
#...#+############## ###
#...#....#.#.#.....# ..^.
#..)##.#..#.##.###.# .....
#...'##.#.#.##.#.§##..^..^
'...#...#..#..##@§'§^....v
▓▓▓▓▓▓▓▓▓▓▓▓▓▓▓▓▓▓#...^^..
..{...^ ....... ......^
#+#####


There were no monsters in sight!

Vanquished Creatures
  A deep elf pyromancer (D)
  2 redbacks (D)
  A shadow (D)
  A necrophage (D)
  5 two-headed ogres (D)
  A scorpion (D)
  A water elemental (D)
  A jelly (D)
  A wizard (D)
  A necromancer (D)
  3 humans (D)
  A kobold demonologist (D)
  4 rats (D)
23 creatures vanquished.

Vanquished Creatures (others)
  80 foxfires (D)
80 creatures vanquished.

Grand Total: 103 creatures vanquished

Notes
Turn   | Place    | Note
-------+----------+-------------------------------------------
     0 | D        | Conn the Octopode Fire Elementalist began the quest for the
                  | Orb.
     0 | D        | Reached XP level 1. HP: 11/11 MP: 3/3
    66 | D        | Noticed a scorpion
    82 | D        | Killed a scorpion
    83 | D        | Reached skill level 1 in Short Blades
    83 | D        | Reached skill level 6 in Fire Magic
    83 | D        | Reached XP level 2. HP: 13/17 MP: 1/6
    83 | D        | Reached XP level 3. HP: 16/21 MP: 1/8
    83 | D        | Reached XP level 4. HP: 21/27 MP: 1/9
   262 | D        | Noticed a water elemental
   264 | D        | Killed a water elemental
   265 | D        | Reached skill level 7 in Fire Magic
   265 | D        | Reached XP level 5. HP: 32/32 MP: 7/11
   272 | D        | Learned a level 3 spell: Conjure Flame
   276 | D        | Learned a level 3 spell: Inner Flame
   281 | D        | Learned a level 4 spell: Flame Wave
   284 | D        | Learned a level 2 spell: Scorch
   289 | D        | Found a radiant altar of Vehumet.
   289 | D        | Found a shimmering blue altar of Sif Muna.
   289 | D        | Found an ancient bone altar of Kikubaaqudgha.
   293 | D        | Reached skill level 5 in Stealth
   293 | D        | Reached skill level 8 in Fire Magic
   301 | D        | Became a worshipper of Sif Muna the Loreminder
   352 | D        | Found a glowing silver altar of Zin.
   352 | D        | Found a glowing golden altar of the Shining One.
   352 | D        | Found a white marble altar of Elyvilon.
   365 | D        | Noticed a deep elf pyromancer
   371 | D        | Killed a deep elf pyromancer
   372 | D        | Reached skill level 1 in Fighting
   372 | D        | Reached skill level 5 in Dodging
   372 | D        | Reached skill level 10 in Fire Magic
   372 | D        | Reached XP level 6. HP: 22/38 MP: 6/15
   372 | D        | Reached XP level 7. HP: 24/43 MP: 6/17
   502 | D        | Found a hide-covered altar of Uskayaw.
   502 | D        | Found an iron altar of Okawaru.
   502 | D        | Found a bloodstained altar of Trog.
   502 | D        | Found an ornate altar of the Wu Jian Council.
   502 | D        | Noticed a human
   502 | D        | Noticed a human
   529 | D        | Killed a human
   530 | D        | Reached skill level 1 in Hexes
   536 | D        | Killed a human
   536 | D        | Reached * piety under Sif Muna
   537 | D        | Reached skill level 5 in Short Blades
   537 | D        | Reached skill level 5 in Conjurations
   537 | D        | Reached skill level 11 in Fire Magic
   537 | D        | Reached XP level 8. HP: 50/50 MP: 5/19
   634 | D        | Found a basalt altar of Yredelemnul.
   634 | D        | Found a shadowy altar of Dithmenos.
   634 | D        | Found a sacrificial altar of Ru.
   675 | D        | Noticed a shadow
   682 | D        | Killed a shadow
   682 | D        | Reached ** piety under Sif Muna
   731 | D        | Found a blossoming altar of Fedhas.
   731 | D        | Found a stormy altar of Qazlal.
   731 | D        | Found a snail-covered altar of Cheibriados.
   731 | D        | Found a burning altar of Makhleb.
   731 | D        | Found a shimmering altar of Xom.
   732 | D        | Found a hazy altar of Hepliaklqana.
   732 | D        | Found an opulent altar of Gozag.
   732 | D        | Found a sparkling altar of Nemelex Xobeh.
   732 | D        | Found a corrupted altar of Lugonu.
   732 | D        | Found a viscous altar of Jiyva.
   873 | D        | Noticed a two-headed ogre
   947 | D        | Killed a two-headed ogre
   947 | D        | Reached *** piety under Sif Muna
   948 | D        | Reached skill level 12 in Fire Magic
  1277 | D        | Noticed a two-headed ogre
  1277 | D        | Noticed Erolcha
  1344 | D        | Killed a two-headed ogre
  1345 | D        | Reached XP level 9. HP: 51/54 MP: 18/22
  1465 | D        | Reached **** piety under Sif Muna
  1466 | D        | Reached skill level 10 in Spellcasting
  1468 | D        | Killed from afar by Erolcha

Illustrated notes

Levels and vault maps discovered:
D:        dungeon_sprint_mu [sprint_mu_entry_forest, sprint_mu_temple_rooms,
          sprint_mu_d1_spiders, sprint_mu_d2_genie, sprint_mu_d3_branching,
          sprint_mu_orc_legion, sprint_mu_elf_gauntlet, sprint_mu_hive_nellie,
          sprint_mu_lair_fedhas, sprint_mu_vaults_butterflies,
          sprint_mu_slime_circle, sprint_mu_swamp_cave, sprint_mu_snake_twists,
          sprint_mu_blade_basic, sprint_mu_crypt_fortress,
          sprint_mu_tomb_spiral, sprint_mu_vestibule_basic,
          sprint_mu_gehenna_hellfire, sprint_mu_dis_giant,
          sprint_mu_tartarus_statrot, sprint_mu_cocytus_islands, sprint_mu_zot1]

Skill      XL: |  1  2  3  4  5  6  7  8  9 |
---------------+----------------------------+-----
Short Blades   | 1 2 4 5 |  5.9
Dodging        | 3 5 |  5.4
Stealth        | 3 4 6 7 8 |  8.0
Spellcasting   | 3 4 6 7 9 10 | 10.0
Fire Magic     | 6 7 10 11 12 | 12.8
Conjurations   | 2 4 5 6 |  6.9
Fighting       | 1 2 |  2.4
Hexes          | 1 3 4 |  4.3

Action                   |  1- 3 |  4- 6 |  7- 9 || total
-------------------------+-------+-------+-------++-------
Melee: Short sword       |     8 |     3 |       ||    11
       Constrict         |     3 |       |       ||     3
       Tentacles         |     2 |       |       ||     2
 Cast: Foxfire           |     5 |     7 |    33 ||    45
       Inner Flame       |       |     1 |    13 ||    14
       Flame Wave        |       |     1 |     1 ||     2
       Conjure Flame     |       |       |     1 ||     1
  Use: Potion            |     2 |       |     1 ||     3
 Stab: Sleeping          |       |     1 |       ||     1
Armor: Skin              |     1 |       |       ||     1
Dodge: Dodged            |     4 |       |     7 ||    11

Table legend: (Time is in decaauts)
 A = Elapsed time spent in this place.
 B = Non-inter-level travel time spent in this place.
 C = Inter-level travel time spent in this place.
 D = Time resting spent in this place.
 E = Time spent auto-exploring this place.
 F = Levels seen in this place.
 G = Mean time per level.
                   A        B        C        D        E       F      G
               +--------+--------+--------+--------+--------+-----+--------+
         Total |   1463 |   1463 |      0 |    693 |    115 |   1 | 1463.0 |
       Dungeon |   1463 |   1463 |      0 |    693 |    115 |   1 | 1463.0 |
               +--------+--------+--------+--------+--------+-----+--------+

Top non-repeatable levels by time:
       D: 1463 daAuts
